 Dungeon Crawl Stone Soup version 0.23-a0-677-g07611c5 (webtiles) character file.

34 galech the Skirmisher (level 3, 21/29 HPs)
             Began as a Demonspawn Fighter on Jan 9, 2019.
             Quit the game on level 1 of the Dungeon.
             The game lasted 00:01:02 (389 turns).

galech the Skirmisher (Demonspawn Fighter)           Turns: 389, Time: 00:01:03

Health: 21/29      AC:  9    Str: 16    XL:     3   Next: 14%
Magic:  3/3        EV:  4    Int:  9    God:
Gold:   39         SH:  9    Dex: 15    Spells: 2/2 levels left

rFire    . . .     SeeInvis .   a - +0 war axe
rCold    . . .     Gourm    .   c - +0 shield
rNeg     . . .     Faith    .   j - +0 chain mail
rPois    .         Spirit   .   (no helmet)
rElec    .         Reflect  .   (no cloak)
rCorr    .         Harm     .   (no gloves)
MR       .....                  (no boots)
Stlth    ..........             (no amulet)
HPRegen  0.09/turn              (no ring)
MPRegen  0.08/turn              (no ring)

@: no status effects
A: thin skeletal structure 1, demonic guardian 1
a: no special abilities


You were on level 1 of the Dungeon.
You were not hungry.

You visited 1 branch of the dungeon, and saw 1 of its levels.

You collected 39 gold pieces.

Inventory:

Hand Weapons
 a - a +0 war axe (weapon)
Armour
 b - a +0 scale mail
 c - a +0 shield (worn)
 j - a +0 chain mail (worn)
Scrolls
 e - a scroll of enchant armour {unknown}
 h - a scroll of teleportation {unknown}
 i - a scroll of enchant weapon {unknown}
 k - a scroll of fog {unknown}
Potions
 d - a potion of might
Comestibles
 f - 2 rations
 g - 8 chunks of flesh


   Skills:
 + Level 3.3 Fighting
 + Level 2.3 Axes
 + Level 3.0 Armour
 + Level 0.1 Dodging
 + Level 3.0 Shields


You had 2 spell levels left.
You didn't know any spells.
Your spell library was empty.

Dungeon Overview and Level Annotations

Branches:
Dungeon (1/15)

Altars:


Innate Abilities, Weirdness & Mutations

You have a somewhat thin skeletal structure. (Dex +2, Stealth)
A weak demonic guardian rushes to your aid.


Message History

No target in view!
No target in view!
No target in view!
No target in view!
No target in view!
No target in view!
No target in view!
Things that are here:
a giant cockroach corpse; a hobgoblin corpse; a leopard gecko corpse Butcher a giant cockroach corpse? [(y)es/(n)o/(a)ll/(q)uit/?]
You butcher the giant cockroach corpse.
You butcher the hobgoblin corpse.
You butcher the leopard gecko corpse.
g - 4 chunks of flesh (gained 2);
g - 7 chunks of flesh (gained 3)
g - 8 chunks of flesh (gained 1)
Things that are here:
a hobgoblin skeleton; a leopard gecko skeleton You see here a kobold corpse.
The kobold corpse isn't edible.
Are you sure you want to abandon this character and quit the game? (Confirm

## #. #......
..# #..#### #..#
#..# . ..# #..#
.. ##.# #..# ...
#..# #..#
....##..# #.##
#......# #.#
#.@##########.#
#.รท((.........#
#..)###########
#####


There were no monsters in sight!

Vanquished Creatures
  2 dart slugs (D:1)
  A leopard gecko (D:1)
  A bat (D:1)
  3 giant cockroaches (D:1)
  6 hobgoblins (D:1)
  4 kobolds (D:1)
  2 frilled lizards (D:1)
  4 goblins (D:1)
  3 rats (D:1)
26 creatures vanquished.

Notes
Turn   | Place    | Note
-------+----------+-------------------------------------------
     0 | D:1      | galech the Demonspawn Fighter began the quest for the Orb.
     0 | D:1      | Reached XP level 1. HP: 18/18 MP: 1/1
    42 | D:1      | Gained mutation: A weak demonic guardian rushes to your
                  | aid. [demonic ancestry]
    42 | D:1      | Reached XP level 2. HP: 23/24 MP: 2/2
   366 | D:1      | Gained mutation: You have a somewhat thin skeletal
                  | structure. (Dex +2, Stealth) [demonic ancestry]
   366 | D:1      | Reached XP level 3. HP: 29/29 MP: 3/3
   389 | D:1      | Quit the game

Vault maps used:
D:1:      mrwooster_arrival_statue, serial_corexii_hall, corexii_hall_statues_u,
          chequers_hall_statues_corner_a, corexii_hall_statues_i,
          corexii_hall_statues_deadend, minivault_5, minmay_misc_feat_room,
          chequers_mini_garden, minmay_tetromino_o2

Skill      XL: |  1  2  3 |
---------------+----------+-----
Axes           | 2 |  2.3
Armour         | 3 |  3.0
Shields        | 3 |  3.0
Fighting       | |  3.3
Dodging        | |  0.1

Action                   || total
-------------------------++-------
Melee: War axe           ||    84
Armor: Scale mail        ||    25
       Chain mail        ||    15
Dodge: Dodged            ||    24
Block: Shield            ||    49

Table legend:
 A = Non-vault XP
 B = Vault XP
 C = Vault XP percentage of total XP
 D = Non-vault monster count
 E = Vault monster count
 F = Vault count percentage of total count
                 A         B        C        D         E       F
            +---------+---------+-------+---------+---------+-------
      Total |      47 |       2 |   4.1 |      25 |       1 |   3.8
            +---------+---------+-------+---------+---------+-------
        D:1 |      47 |       2 |   4.1 |      25 |       1 |   3.8
            +---------+---------+-------+---------+---------+-------
